 Dungeon Crawl Stone Soup version 0.23-a0-512-g50a8178 (webtiles) character file.

2245 zishaf the Arsonist (level 9, -1/45 HPs)
             Began as a Deep Elf Fire Elementalist on Dec 5, 2018.
             Was an Initiate of Qazlal.
             Hit by a large rock thrown by a cyclops (24 damage)
             ... on level 7 of the Dungeon.
             The game lasted 00:19:26 (8368 turns).

zishaf the Arsonist (Deep Elf Fire Elementalist)    Turns: 8368, Time: 00:19:26

Health: -1/45      AC:  9    Str:  7    XL:     9   Next: 15%
Magic:  15/15      EV: 17    Int: 24    God:    Qazlal [......]
Gold:   233        SH:  0    Dex: 22    Spells: 2/14 levels left

rFire    + . .     SeeInvis .   H - +10 hand axe of Supply {chop, rC+ Str+2 Dex+2 Stlth+}
rCold    + . .     Gourm    .   (no shield)
rNeg     . . .     Faith    .   l - +2 leather armour {rF+}
rPois    .         Spirit   .   g - +0 helmet
rElec    .         Reflect  .   G - +0 cloak
rCorr    .         Harm     .   h - +0 pair of gloves
MR       .....                  t - +0 pair of boots
Stlth    ++++......             (no amulet)
HPRegen  0.15/turn              p - +3 ring of slaying
MPRegen  0.14/turn              x - +5 ring of dexterity

@: no status effects
A: no striking features
a: Renounce Religion


You were on level 7 of the Dungeon.
You worshipped Qazlal.
Qazlal was noncommittal.
You were not hungry.

You visited 2 branches of the dungeon, and saw 9 of its levels.
You also visited: Sewer.

You collected 233 gold pieces.

Inventory:

Hand Weapons
 a - a +1 dagger of draining
 b - a +0 blowgun
 B - the +8 dire flail of Eternal Vigilance {holy, +Rage}
   (You took it off an orc on level 5 of the Dungeon)

   It has been blessed by the Shining One to cause great damage to the undead
   and demons.
   It lets you go berserk.
 H - the +10 hand axe of Supply (weapon) {chop, rC+ Str+2 Dex+2 Stlth+}
   (You found it on level 6 of the Dungeon)

   It inflicts extra damage upon your enemies.
   It affects your strength (+2).
   It affects your dexterity (+2).
   It protects you from cold.
   It makes you more stealthy.
Missiles
 w - 53 poisoned needles
Armour
 g - a +0 helmet (worn)
 h - a +0 pair of gloves (worn)
 l - a +2 leather armour of fire resistance (worn)
 t - a +0 pair of boots (worn)
 y - a +0 robe
 G - a +0 cloak (worn)
Magical Staves
 I - an uncursed staff of summoning {unknown}
Jewellery
 m - an uncursed amulet of guardian spirit
 p - a +3 ring of slaying (left hand)
 x - a +5 ring of dexterity (right hand)
 E - an uncursed ring of stealth
Wands
 q - a wand of polymorph (19)
 F - a wand of acid (8)
Scrolls
 j - 5 scrolls of teleportation
 k - 5 scrolls of enchant armour
 o - a scroll of blinking
 u - 3 scrolls of enchant weapon
 A - 3 scrolls of magic mapping
Potions
 d - 2 potions of haste {unknown}
 e - 3 potions of lignification
 f - 7 potions of curing {unknown}
 i - 2 potions of mutation
 n - 3 potions of flight {unknown}
 r - 6 potions of heal wounds
 s - 2 potions of magic
 z - a potion of brilliance {unknown}
 C - 2 potions of might {unknown}
 D - a potion of agility {unknown}
 J - a potion of ambrosia {unknown}
Comestibles
 c - 11 rations
 v - 2 chunks of flesh


   Skills:
 * Level 0.7 Armour
 + Level 6.8 Dodging
 - Level 3.0 Stealth
 + Level 3.2 Spellcasting
 * Level 8.3 Conjurations
 - Level 9.0 Fire Magic


You had 2 spell levels left.
You knew the following spells:

 Your Spells              Type           Power        Failure   Level  Hunger
a - Flame Tongue          Conj/Fire      #####        1%          1    None
b - Throw Flame           Conj/Fire      #####.       1%          2    ##.....
c - Fireball              Conj/Fire      #####.....   12%         5    ######.
d - Magic Dart            Conj           ####         1%          1    None
e - Conjure Flame         Conj/Fire      #####...     1%          3    ###....

Your spell library contained the following spells:

 Spells                   Type           Power        Failure   Level  Hunger
 Searing Ray              Conj           #####.       1%          2    ##.....
 Summon Small Mammal      Summ           #...         16%         1    None
 Call Imp                 Summ           #.......     24%         2    ##.....
 Iskenderun's Mystic Bla  Conj           #####...     4%          4    ####...
 Sticky Flame             Conj/Fire      #####...     4%          4    ####...
 Inner Flame              Hex/Fire       ####....     8%          3    ###....
 Dazzling Spray           Conj/Hex       ###...       9%          3    ###....
 Force Lance              Conj/Tloc      ###.....     28%         4    ####...
 Fulminant Prism          Conj/Hex       ###.......   28%         4    ####...
 Call Canine Familiar     Summ           #.......     43%         3    ###....
 Summon Guardian Golem    Hex/Summ       #.......     43%         3    ###....
 Summon Ice Beast         Ice/Summ       #.......     83%         4    ####...
 Summon Lightning Spire   Summ/Air       #.......     83%         4    ####...


Dungeon Overview and Level Annotations

Branches:
Dungeon (8/15)             Temple (1/1) D:6
   Lair: D:8-11

Altars:
Ashenzari
Cheibriados
Dithmenos
Elyvilon
Fedhas
Gozag
Hepliaklqana
Kikubaaqudgha
Nemelex Xobeh
Okawaru
Qazlal
Ru
Sif Muna
Trog
Uskayaw
Wu Jian
Xom
Yredelemnul
Zin
The Shining One

Annotations:
D:7 exclusion: downstairs


Message History

The howler monkey hits you but does no damage.
The howler monkey barely misses you.
You slash the howler monkey!
The howler monkey is severely wounded.
The howler monkey completely misses you.
You slash the howler monkey!
You kill the howler monkey!
Qazlal accepts your kill. The cyclops completely misses you.
You slash the cyclops!
The cyclops is moderately wounded.
The cyclops hits you!!
Casting: Flame Tongue (safe; 1% risk of failure)
Confirm with . or Enter, or press ? or * to list all spells.
Aiming: Fireball (slightly dangerous; 12% risk of failure)
Press: ? - help, Shift-Dir - straight line
Okay, then.
The cyclops throws a large rock.
The large rock hits you!!
Ouch! That really hurt!
You die...

#.....####.###....<.
#.......'.#........
#....####...8...###
#.#.## ###...###
##[### ##+## #...#
##.## ###.#####
#...@...# #.#.###.#
#.#.# # #C#
#........ #####.###


You could see a cyclops.

Vanquished Creatures
  A hippogriff (D:7)
  Sigmund (D:6)
  Eustachio (D:4)
  An ice beast (D:6)
  A sky beast (D:5)
  2 ogres (D:5)
  3 centaurs
  2 big kobolds (Sewer)
  A bullfrog (D:6)
  A scorpion (D:6)
  2 howler monkeys
  A crimson imp (D:7)
  A quasit (D:5)
  A jelly (D:5)
  2 orc priests
  3 hounds
  6 orc wizards
  A bullfrog skeleton (D:7)
  6 worker ants
  Robin (D:2)
  8 adders
  5 river rats (Sewer)
  2 shadow imps
  An ooze (D:4)
  An adder skeleton (D:5)
  A worm (D:2)
  A dart slug (D:1)
  2 leopard geckos
  14 orcs
  7 bats
  9 giant cockroaches
  6 hobgoblins
  2 jackals (D:1)
  21 kobolds
  4 quokkas
  8 ball pythons
  2 frilled lizards (D:2)
  18 goblins
  A leopard gecko skeleton (D:5)
  21 rats
172 creatures vanquished.

Notes
Turn   | Place    | Note
-------+----------+-------------------------------------------
     0 | D:1      | zishaf the Deep Elf Fire Elementalist began the quest for
                  | the Orb.
     0 | D:1      | Reached XP level 1. HP: 10/10 MP: 6/6
   143 | D:1      | Reached XP level 2. HP: 15/15 MP: 2/8
   721 | D:1      | Learned a level 2 spell: Throw Flame
   945 | D:2      | Found a sacrificial altar of Ru.
  1066 | D:2      | Reached XP level 3. HP: 18/19 MP: 5/9
  1086 | D:2      | Noticed Robin
  1336 | D:2      | Killed Robin
  1336 | D:2      | Reached skill level 4 in Fire Magic
  1461 | D:2      | Reached XP level 4. HP: 16/24 MP: 1/10
  2060 | D:3      | Found an ancient bone altar of Kikubaaqudgha.
  2163 | D:3      | Found a glowing silver altar of Zin.
  2685 | D:4      | Noticed Eustachio
  2719 | D:4      | Found a shadowy altar of Dithmenos.
  2775 | D:4      | Found a glowing drain.
  2779 | D:4      | Reached XP level 5. HP: 22/28 MP: 9/11
  2785 | Sewer    | Entered a sewer
  3346 | Sewer    | Reached skill level 5 in Fire Magic
  3537 | Sewer    | Reached XP level 6. HP: 24/32 MP: 0/12
  3681 | Sewer    | Learned a level 5 spell: Fireball
  3882 | D:4      | Killed Eustachio
  3882 | D:4      | Reached skill level 5 in Conjurations
  4112 | D:4      | Reached skill level 6 in Fire Magic
  4112 | D:4      | Reached XP level 7. HP: 30/36 MP: 13/13
  4121 | D:4      | Learned a level 1 spell: Magic Dart
  4425 | D:4      | Found a blossoming altar of Fedhas.
  4775 | D:4      | Found an ornate altar of the Wu Jian Council.
  4847 | D:5      | Entered Level 5 of the Dungeon
  5249 | D:5      | Reached skill level 5 in Dodging
  5443 | D:5      | Identified the +8 dire flail of Eternal Vigilance {holy,
                  | +Rage}
  5820 | D:5      | Reached skill level 7 in Fire Magic
  6019 | D:5      | Learned a level 3 spell: Conjure Flame
  6020 | D:5      | Reached XP level 8. HP: 33/41 MP: 11/14
  6432 | D:6      | Noticed Sigmund
  6438 | D:6      | Killed Sigmund
  6451 | D:6      | Found an iron altar of Okawaru.
  6484 | D:6      | Reached skill level 8 in Fire Magic
  6660 | D:6      | Found a staircase to the Ecumenical Temple.
  6694 | Temple   | Entered the Ecumenical Temple
  6713 | Temple   | Became a worshipper of Qazlal Stormbringer
  6749 | D:6      | Got an ichor-stained hand axe
  6750 | D:6      | Identified the +10 hand axe of Supply {chop, rC+ Str+2
                  | Dex+2 Stlth+} (You found it on level 6 of the Dungeon)
  7485 | D:7      | Noticed a hippogriff
  7494 | D:7      | Killed a hippogriff
  7494 | D:7      | Reached XP level 9. HP: 23/45 MP: 15/15
  7705 | D:7      | Noticed a cyclops
  7710 | D:7      | Found a snail-covered altar of Cheibriados.
  7798 | D:8      | Found a basalt altar of Yredelemnul.
  7798 | D:8      | Noticed a death yak
  8350 | D:7      | Reached skill level 9 in Fire Magic
  8368 | D:7      | Hit by a large rock thrown by a cyclops

Vault maps used:
D:1:      dpeg_arrival_pits, minmay_pentomino_q2
D:2:      nicolae_ru_awakened_eye, first_ration, bh_walls_and_bars, uniq_robin
D:3:      nicolae_overflow_hidden_temple, kiku_gazebo_pond_becter,
          overflow_temple_1_default
D:4:      fedhas_altar_fruit_tree, kennysheep_mini, old_standard_altar,
          portal_sewer_entry_d, hangedman_minor_gate_pass, uniq_eustachio
D:5:      minmay_fractal_squares_5
D:6:      kennysheep_little_box, minmay_temple_entry_statues_pillars,
          uniq_sigmund
D:7:      old_standard_altar, grunt_ministairs_13, corexii_checkpoint_b
D:8:      yredelemnul_altar_generic, lemuel_round_altar, dpeg_lair_monsters,
          basic_altar, serial_shops, nicolae_shop_behind_doors,
          nemelex_xobeh_ov_fountains_minmay, uniq_pikel
Temple:   minmay_freezing_vapour_temple
Sewer:    sewer_minmay_treatment

Skill      XL: |  1  2  3  4  5  6  7  8  9 |
---------------+----------------------------+-----
Conjurations   | 2 3 4 5 6 8 |  8.3
Stealth        | 3 |  3.0
Dodging        | 3 4 5 6 |  6.8
Fire Magic     | 4 5 6 7 8 9 |  9.0
Armour         | |  0.7
Spellcasting   | |  3.2

Action                   |  1- 3 |  4- 6 |  7- 9 || total
-------------------------+-------+-------+-------++-------
Melee: Unarmed           |     2 |    11 |       ||    13
       Dagger            |       |    39 |    12 ||    51
       Dire flail        |       |       |    51 ||    51
       Hand axe          |       |       |    51 ||    51
 Fire: Blowgun           |       |     5 |       ||     5
 Cast: Flame Tongue      |    81 |   113 |    55 ||   249
       Throw Flame       |       |     7 |    26 ||    33
  Use: Scroll            |       |     8 |     7 ||    15
 Stab: Sleeping          |       |       |     9 ||     9
  Eat: Chunk             |     1 |     5 |     9 ||    15
       Ration            |       |     1 |     2 ||     3
Armor: Robe              |    14 |       |       ||    14
       Leather armour    |       |    82 |    55 ||   137
Dodge: Dodged            |    24 |   155 |   131 ||   310

Table legend:
 A = Non-vault XP
 B = Vault XP
 C = Vault XP percentage of total XP
 D = Non-vault monster count
 E = Vault monster count
 F = Vault count percentage of total count
                 A         B        C        D         E       F
            +---------+---------+-------+---------+---------+-------
      Total |    2211 |     997 |  31.1 |      97 |      75 |  43.6
            +---------+---------+-------+---------+---------+-------
        D:1 |      30 |       4 |  11.8 |      17 |       2 |  10.5
        D:2 |      50 |      36 |  41.9 |      21 |      12 |  36.4
        D:3 |      65 |       0 |   0.0 |       6 |       0 |   0.0
        D:4 |      62 |     233 |  79.0 |       8 |       3 |  27.3
        D:5 |     834 |     126 |  13.1 |      23 |       6 |  20.7
        D:6 |     455 |     227 |  33.3 |      12 |       1 |   7.7
        D:7 |     715 |      36 |   4.8 |      10 |       3 |  23.1
      Sewer |       0 |     335 | 100.0 |       0 |      48 | 100.0
            +---------+---------+-------+---------+---------+-------
